 Dungeon Crawl Stone Soup version 0.26.1-2-gb8aa6d0 (webtiles) character file.

Game seed: 6299703505986975351

169 Geeful the Chiller (level 5, -1/29 HPs)
             Began as a Deep Elf Ice Elementalist on Apr 12, 2021.
             Slain by a gnoll
             ... wielding a +0 flail
              (12 damage)
             ... on level 3 of the Dungeon on Apr 13, 2021.
             The game lasted 00:15:42 (4274 turns).

Geeful the Chiller (Deep Elf Ice Elementalist)      Turns: 4274, Time: 00:15:43

Health: -1/29      AC: 10    Str:  5    XL:     5   Next: 25%
Magic:  5/13       EV: 14    Int: 21    God:
Gold:   104        SH:  0    Dex: 15    Spells: 5/12 levels left

rFire    . . .     SeeInvis .   e - +0 dagger
rCold    . . .     Faith    .   (no shield)
rNeg     . . .     Spirit   .   a - +0 robe
rPois    .         Reflect  .   (no helmet)
rElec    .         Harm     .   (no cloak)
rCorr    .         Rampage  .   (no gloves)
Will     .....                  i - +0 pair of boots
Stlth    +++.......             (no amulet)
HPRegen  0.09/turn              (no ring)
MPRegen  0.13/turn              (no ring)

@: icy armour, frozen ramparts
A: no striking features
a: no special abilities


You were on level 3 of the Dungeon.
You visited 1 branch of the dungeon, and saw 4 of its levels.

You collected 104 gold pieces.

Inventory:

Hand Weapons
 e - a +0 dagger (weapon)
Missiles
 k - 2 poisoned darts
Armour
 a - a +0 robe (worn)
 i - a +0 pair of boots (worn)
Scrolls
 c - 3 scrolls of remove curse
 m - a scroll of magic mapping {unknown}
 n - a scroll of noise {unknown}
 o - a scroll of enchant weapon {unknown}
 p - a scroll of blinking {unknown}
 q - a scroll of amnesia {unknown}
 s - a scroll of identify
Potions
 b - 2 potions of mutation {unknown}
 d - a potion of curing {unknown}
 f - 2 potions of ambrosia
 g - a potion of magic {unknown}
 h - a potion of flight {unknown}
 j - 2 potions of haste
 l - 2 potions of heal wounds
 r - a potion of might {unknown}


   Skills:
 + Level 1.6 Fighting
 + Level 3.6 Dodging
 + Level 3.9 Stealth
 + Level 4.2 Spellcasting
 + Level 5.0 Ice Magic


You had 5 spell levels left.
You knew the following spells:

 Your Spells              Type           Power        Failure   Level
a - Freeze                Ice            100%         1%          1
b - Ozocubu's Armour      Ice            25%          4%          3
c - Frozen Ramparts       Ice            50%          4%          3

Your spell library contained the following spells:

 Spells                   Type           Power        Failure   Level
 Hailstorm                Conj/Ice       15%          38%         4
 Summon Ice Beast         Ice/Summ       15%          38%         4


Dungeon Overview and Level Annotations

Branches:
Dungeon (4/15)
 Temple: D:4-7

Altars:
Ashenzari
Elyvilon
Hepliaklqana
Nemelex Xobeh


Message History

The wall freezes the gnoll. x2
The gnoll sergeant hits you with a +0 trident.
Casting: Frozen Ramparts (dangerous; 4% risk of failure)
Confirm with . or Enter, or press ? or * to list all spells.
Aiming: Freeze (safe; 1% risk of failure)
Press: ? - help, Shift-Dir - straight line, f - gnoll sergeant
Aim: a gnoll sergeant, wielding a +0 trident, wearing a +1 ring mail of fire resistance and wearing a +0 kite shield You freeze the gnoll sergeant!
The gnoll sergeant is heavily wounded.
The wall freezes the gnoll. x2; The gnoll completely misses you.
Casting: Freeze (safe; 1% risk of failure)
Confirm with . or Enter, or press ? or * to list all spells.
Aiming: Freeze (safe; 1% risk of failure)
Press: ? - help, Shift-Dir - straight line, f/p - gnoll sergeant
Aim: a gnoll sergeant, wielding a +0 trident, wearing a +1 ring mail of fire resistance and wearing a +0 kite shield (heavily wounded)
You freeze the gnoll sergeant.
The gnoll sergeant is severely wounded.
The gnoll sergeant hits you but does no damage.
The wall freezes the gnoll!
The gnoll hits you with a +0 flail!
You die...

........###....[..........
............#.#.........g.
......##..##g.##...g......
.....####.##.#####.#######
......# #..#.# #.# ......#
#.#.# #.# >.....# #.).#
###.####### ......#
#.#.###gg.......# ......#
#.#..##@g.......# .....##
##.##.##g........# .†..##
#..##.)..........#
###.#####.######.........#
#..........# #.........#
###........# #.......>.#
#........# ###########
#........# #........#


You could see a gnoll sergeant and 3 gnolls.

Vanquished Creatures
  An orc priest (D:3)
  A worker ant (D:4)
  An orc wizard (D:3)
  A gnoll (D:3)
  An adder (D:3)
  6 worms
  2 leopard geckos
  4 orcs (D:3)
  2 giant cockroaches
  8 goblins
  7 hobgoblins
  6 kobolds
  2 quokkas
  3 bats
  3 frilled lizards
  7 rats
55 creatures vanquished.

Notes
Turn   | Place    | Note
-------+----------+-------------------------------------------
     0 | D:1      | Geeful the Deep Elf Ice Elementalist began the quest for
                  | the Orb.
     0 | D:1      | Reached XP level 1. HP: 10/10 MP: 6/6
   485 | D:1      | Found a sparkling altar of Nemelex Xobeh.
   543 | D:1      | Reached XP level 2. HP: 16/16 MP: 6/8
  1719 | D:2      | Found a broken altar of Ashenzari.
  1723 | D:2      | Saw a vision of the Shoals and the Snake Pit.
  1723 | D:2      | Noticed a shock serpent
  1723 | D:2      | Noticed a naga
  1723 | D:2      | Noticed a naga warrior
  1723 | D:2      | Noticed a wind drake
  1723 | D:2      | Noticed a naga warrior
  1723 | D:2      | Noticed a naga
  1723 | D:2      | Noticed a black mamba
  1723 | D:2      | Noticed a naga
  1723 | D:2      | Noticed a wind drake
  1723 | D:2      | Noticed a naga warrior
  1723 | D:2      | Noticed a merfolk siren
  1723 | D:2      | Noticed a black mamba
  1723 | D:2      | Noticed a mana viper
  1723 | D:2      | Noticed a merfolk siren
  1723 | D:2      | Noticed a naga sharpshooter
  1723 | D:2      | Noticed a wind drake
  1723 | D:2      | Noticed a naga
  1723 | D:2      | Noticed a black mamba
  1723 | D:2      | Noticed a black mamba
  1723 | D:2      | Noticed a wind drake
  1724 | D:2      | Noticed a black mamba
  1724 | D:2      | Noticed a merfolk
  1724 | D:2      | Noticed a sea snake
  1724 | D:2      | Noticed a merfolk siren
  1816 | D:2      | Found a broken altar of Ashenzari.
  1926 | D:2      | Reached XP level 3. HP: 20/20 MP: 3/9
  1930 | D:2      | Learned a level 3 spell: Ozocubu's Armour
  1934 | D:2      | Learned a level 3 spell: Frozen Ramparts
  2323 | D:2      | Found a hazy altar of Hepliaklqana.
  2323 | D:2      | Found a white marble altar of Elyvilon.
  2940 | D:3      | Reached skill level 1 in Fighting
  3400 | D:3      | Reached XP level 4. HP: 20/25 MP: 0/11
  4022 | D:4      | Reached skill level 5 in Ice Magic
  4022 | D:4      | Reached XP level 5. HP: 26/29 MP: 4/13
  4274 | D:3      | Slain by a gnoll

Illustrated notes

Levels and vault maps discovered:
D:1:      lightli_arrival_maybe_door_vault, layout_basic,
          nemelex_diamond_rough_becter
D:2:      layout_basic, nicolae_overflow_hidden_temple, marbit_many_paths,
          kennysheep_flooded_box, grunt_ashenzari_visionary
          [grunt_ashenzari_visionary_shoals, grunt_ashenzari_visionary_snake]
D:3:      layout_rooms
D:4:      layout_cave_pools, makhleb_blood_cavern_becter, vehumet_crystals,
          temple_hall, gammafunk_ghost_cemetery, item_on_display_a

Skill      XL: |  1  2  3  4 |
---------------+-------------+-----
Stealth        | 3 |  3.9
Dodging        | 3 |  3.6
Fighting       | 1 |  1.6
Spellcasting   | 4 |  4.2
Ice Magic      | 5 |  5.0

Action                   |  1- 3 |  4- 6 || total
-------------------------+-------+-------++-------
Melee: Dagger            |    69 |     2 ||    71
       Unarmed           |     1 |       ||     1
 Cast: Freeze            |    55 |    17 ||    72
       Ozocubu's Armour  |     2 |     3 ||     5
       Frozen Ramparts   |     2 |     3 ||     5
  Use: Scroll            |     4 |     2 ||     6
 Stab: Sleeping          |     6 |     1 ||     7
Armor: Robe              |    32 |     6 ||    38
Dodge: Dodged            |    72 |     7 ||    79
